 Dungeon Crawl Stone Soup version 0.13-a0-2531-g2ad9301 (webtiles) character file.

228 M4edhros the Sneak (level 5, 0/34 HPs)
             Began as an Octopode Artificer on July 26, 2013.
             Was an Initiate of Okawaru.
             Slain by Grinder (4 damage)
             ... on Level 4 of the Dungeon.
             The game lasted 00:03:00 (1860 turns).

M4edhros the Sneak (Octopode Artificer)             Turns: 1860, Time: 00:03:01

HP   0/34        AC  1     Str 10      XL: 5   Next: 53%
MP   7/7         EV  7     Int 15      God: Okawaru [......]
Gold 55          SH 22     Dex 13      Spells:  0 memorised,  4 levels left

Res.Fire  : . . .   See Invis. : .   i - +1,+0 dagger (flame)
Res.Cold  : . . .   Warding    : .   l - +1 dwarf large shield
Life Prot.: . . .   Conserve   : .   (helmet restricted)
Res.Poison: .       Res.Corr.  : .   (no amulet)
Res.Elec. : .       Clarity    : .   (no ring)
Sust.Abil.: . .     Spirit.Shd : .   (no ring)
Res.Mut.  : .       Stasis     : .   (no ring)
Res.Rott. : .       Flight     : .   (no ring)
Saprovore : . . .                    (no ring)
                                     (no ring)
                                     (no ring)
                                     (no ring)

@: mildly poisoned, slightly resistant to hostile enchantments, very stealthy
A: almost no armour, amphibious, 8 rings, constrict 8, camouflage 1, AC +1
a: Renounce Religion


You were on level 4 of the Dungeon.
You worshipped Okawaru.
Okawaru was noncommittal.
You were hungry.

You visited 2 branches of the dungeon, and saw 5 of its levels.

You collected 35 gold pieces.

Inventory:

Hand weapons
 i - a +1,+0 dagger of flaming (weapon)
Armour
 l - a +1 dwarven large shield (worn)
Magical devices
 b - a wand of flame (9)
 c - a wand of enslavement (2)
 d - a wand of random effects (15)
Comestibles
 f - 3 bread rations
 k - a choko
Scrolls
 e - a scroll of blinking {unknown}
 h - a scroll of curse armour {unknown}
 j - 4 scrolls of remove curse {unknown}


   Skills:
 - Level 1.0 Fighting
 + Level 2.8 Short Blades
 - Level 2.0 Dodging
 * Level 6.4 Stealth
 - Level 3.2 Evocations


You had 4 spell levels left.
You didn't know any spells.

Dungeon Overview and Level Annotations

Branches:
Dungeon (4/27)             Temple (1/1) D:4

Altars:
Ashenzari
Cheibriados
Elyvilon
Fedhas
Kikubaaqudgha
Makhleb
Nemelex Xobeh
Okawaru
Sif Muna
Trog
Vehumet
Yredelemnul
Zin
the Shining One

Annotations
D:4 Grinder


Innate Abilities, Weirdness & Mutations

You cannot wear most types of armour.
You are amphibious.
You can wear up to eight rings at the same time.
You can use your tentacles to constrict many enemies at once.
Your skin changes colour to match your surroundings (Stlth).
Your rubbery body absorbs attacks (AC +1).


Message History

Grinder easily resists.
This wand has 4 charges left.
You block Grinder's attack. You block the adder's attack.
Evoke which item? (* to show all) (? for menu, Esc to quit)
Zapping:
c - a wand of enslavement (4)
Press: ? - help, Shift-Dir - straight line, f/p - Grinder
Aim: Grinder (lightly wounded) Grinder resists with some effort.
This wand has 3 charges left.
Grinder gestures at you. Pain shoots through your body!
You block the adder's attack.
Evoke which item? (* to show all) (? for menu, Esc to quit)
Zapping:
c - a wand of enslavement (3)
Press: ? - help, Shift-Dir - straight line, f/p - Grinder
Aim: Grinder (lightly wounded) Grinder struggles to resist.
This wand has 2 charges left.
The adder bites you.
* * * LOW HITPOINT WARNING * * *
You are poisoned.
The adder poisons you! Grinder hits you.
* * * LOW HITPOINT WARNING * * *
You writhe in agony.
You die...

#..........##.......)#
#.......#..............oo
##.#.########.#.###..####
#.#.# #.#.###..# #.#.#
#...(# ..# #.#.# #....# ..#
#.#.# #....# ..# #.#.#
#....# ..# #
#.#.########..)@##..###..
#.#............S5........
#.##########..............
##.........................
...##..######..............
....P..# ###...........
.......# #.........##
...>P..# ###########
#...P..#


You could see Grinder and an adder.

Vanquished Creatures
  2 orc priests (D:4)
  An orc wizard (D:4)
  A worker ant (D:4)
  Jessica (D:2)
  2 adders (D:2)
  A worm (D:4)
  A giant gecko (D:2)
  2 orcs (D:4)
  A giant cockroach (D:2)
  A goblin (D:2)
  2 hobgoblins (D:1)
  3 jackals (D:2)
  A kobold (D:2)
  3 quokkas
  5 bats
  A giant gecko skeleton (D:4)
28 creatures vanquished.

Vanquished Creatures (collateral kills)
  An orc (D:4)
  8 bats (D:4)
9 creatures vanquished.

Grand Total: 37 creatures vanquished

Notes
Turn   | Place    | Note
--------------------------------------------------------------
     0 | D:1      | M4edhros, the Octopode Artificer, began the quest for the Orb.
     0 | D:1      | Reached XP level 1. HP: 14/14 MP: 1/1
   178 | D:2      | Reached XP level 2. HP: 12/19 MP: 3/3
   446 | D:2      | Reached XP level 3. HP: 10/24 MP: 4/4
   450 | D:2      | Noticed Jessica
   456 | D:2      | Killed Jessica
   456 | D:2      | Reached skill level 4 in Stealth
   816 | D:4      | Reached XP level 4. HP: 12/29 MP: 6/6
  1017 | D:4      | Found a glowing golden altar of the Shining One.
  1017 | D:4      | Found a snail-covered altar of Cheibriados.
  1050 | D:4      | Reached skill level 5 in Stealth
  1154 | D:4      | Reached XP level 5. HP: 29/34 MP: 7/7
  1188 | D:4      | Reached skill level 6 in Stealth
  1502 | D:4      | Found a staircase to the Ecumenical Temple.
  1542 | Temple   | Entered the Ecumenical Temple
  1784 | Temple   | Became a worshipper of Warmaster Okawaru
  1847 | D:4      | Noticed Grinder
  1860 | D:4      | Slain by Grinder

Action                   |  1- 3 |  4- 6 || total
-------------------------+-------+-------++-------
Melee: Short sword       |    29 |       ||    29
       Dagger            |     8 |    28 ||    36
Evoke: Wand              |       |    19 ||    19
  Use: Potion            |     1 |     1 ||     2
 Stab: Sleeping          |     3 |     1 ||     4
